Map: Cryptic Fortress

Players

Pauleee - Winner!

  • Race: Terran Terran
  • Spawn Location: 12:00

Grumm - Winner!

  • Race: Protoss Protoss
  • League: Gold
  • Spawn Location: 9:00

lostchild - Winner!

  • Race: Terran Terran
  • Spawn Location: 12:00

NaughtyPylon - Winner!

  • Race: Protoss Protoss
  • Spawn Location: 3:00

Deadmau

  • Race: Terran Terran
  • Spawn Location: 6:00

Jericho

  • Race: Terran Terran
  • Spawn Location: 5:00

StevenSeagal

  • Race: Terran Terran
  • Spawn Location: 7:00

Quickie

  • Race: Protoss Protoss
  • Spawn Location: 6:00

VOD

Have the link to the VOD?

Description

Time

  • Played on: Jan. 20, 2016, 12:59 a.m.
  • Length: 14:21
Show
View Real Time Build Order
Export as new Build Order

Pauleee Terran - Winner!

Build Orders:  

Get SALT Encoding   

  12  0:04  SCV  
  13  0:16  SCV  
  14  0:27  Supply Depot  
  14  0:31  SCV  
  15  0:49  SCV  
  16  0:58  Barracks  
  16  1:01  SCV  
  16  1:03  Barracks  
  17  1:05  Refinery  
  17  1:13  SCV  
  18  1:25  SCV  
  19  1:37  SCV  
  20  1:40  Supply Depot  
  20  1:50  SCV  
  20  1:53  Barracks Tech Lab  
  21  1:56  Barracks Reactor  
  21  1:59  Refinery  
  21  2:09  Engineering Bay  
  21  2:10  Orbital Command  
  21  2:14  Marine  
  22  2:32  Marine  
  22  2:34  Factory  
  23  2:37  Missile Turret  
  23  2:39  Marine x2  
  25  2:47  SCV  
  25  2:49  Barracks  
  26  2:52  Marine  
  27  2:58  Stimpack  
  27  3:04  Marine  
  27  3:05  Marine  
  29  3:11  SCV  
  30  3:21  Starport  
  30  3:22  Factory Reactor  
  30  3:25  Marine  
  31  3:35  Supply Depot  
  31  3:39  Barracks Reactor  
  31  3:56  Marine x3  
  31  4:00  Supply Depot  
  34  4:14  Medivac, Marine  
  34  4:15  Medivac  
  39  4:24  Supply Depot  
  39  4:25  Supply Depot  
  39  4:28  Marine x2  
  41  4:31  SCV  
  41  4:37  Terran Infantry Weapons Level 1  
  42  4:42  Widow Mine  
  40  5:41  Marine  
  40  5:42  Marine x4  
  45  5:44  Medivac x2  
  49  5:51  Command Center  
  49  5:53  Widow Mine  
  51  5:59  Marine x2  
  53  6:06  Marine x2  
  53  6:07  Marine  
  56  6:17  Marine x2  
  58  6:22  SCV  
  58  6:24  Marine  
  60  6:28  Marine  
  60  6:29  Marine  
  60  6:32  Terran Infantry Armor Level 1  
  62  6:34  SCV  
  63  6:58  Supply Depot  
  63  7:00  Supply Depot  
  63  7:02  Marine x3  
  63  7:03  Supply Depot, SCV  
  67  7:11  Widow Mine  
  67  7:14  Marine x2  
  71  7:20  Marine x3  
  74  7:23  Missile Turret  
  74  7:32  Marine  
  59  8:47  Orbital Command  
  31  8:51  SCV  
  32  8:59  Widow Mine  
  32  9:00  Armory  
  34  9:03  SCV  
  35  9:15  Marine x5, SCV  
  41  9:20  Missile Turret  
  41  9:23  Medivac  
  43  9:26  Refinery  
  43  9:27  SCV  
  43  9:28  Refinery  
  44  9:33  Marine x5  
  49  9:39  SCV  
  50  9:47  Barracks  
  50  9:49  Barracks  
  50  9:50  Marine  
  50  9:51  Marine x4  
  55  10:01  Terran Infantry Weapons Level 2  
  55  10:06  Engineering Bay  
  55  10:08  Marine  
  55  10:09  Marine x4  
  55  10:13  SCV x2  
  62  10:33  Marine x5  
  62  10:34  Marine  
  66  10:47  Marine  
  67  10:51  Marine x6  
  67  10:56  SCV x2  
  75  11:01  Supply Depot  
  75  11:03  Supply Depot  
  75  11:04  Marine  
  75  11:08  Marine, SCV  
  75  11:09  Marine x4  
  82  11:19  Factory Reactor  
  82  11:20  Medivac  
  82  11:21  Medivac  
  82  11:23  Barracks Reactor  
  82  11:24  Marine  
  87  11:26  Marine  
  87  11:27  Marine x4  
  92  11:34  Terran Infantry Armor Level 2  
  92  11:35  Barracks  
  92  11:37  Barracks  
  92  11:40  Missile Turret  
  92  11:50  Medivac  
  94  12:06  Missile Turret x2  
  94  12:08  Missile Turret, Marine x6  
  95  12:09  Marine x2  
  95  12:12  Sensor Tower  
  101  12:42  SCV x2  
  103  12:54  SCV x2  
  105  13:05  Command Center  
  86  13:57  Marine  
  86  13:58  Marine x9  
Show
View Real Time Build Order
Export as new Build Order

Grumm Protoss - Winner!

Build Orders: 1 Gate Expand 

Get SALT Encoding   

  12  0:01  Probe (Chrono Boost)  
  13  0:11  Probe (Chrono Boost)  
  14  0:22  Probe (Chrono Boost)  
  14  0:24  Pylon  
  15  0:33  Assimilator  
  15  0:42  Probe (Chrono Boost)  
  16  0:46  Gateway  
  16  0:53  Probe (Chrono Boost)  
  17  1:00  Assimilator  
  17  1:03  Probe (Chrono Boost)  
  18  1:14  Probe (Chrono Boost)  
  19  1:34  Nexus  
  19  1:45  Cybernetics Core  
  19  1:51  Pylon  
  19  2:11  Forge  
  19  2:15  Pylon  
  19  2:18  Probe (Chrono Boost)  
  20  2:24  Warp Gate  
  20  2:28  Adept  
  22  2:39  Pylon  
  22  2:41  Probe (Chrono Boost)  
  23  3:00  Assimilator  
  23  3:04  Photon Cannon  
  23  3:06  Probe (Chrono Boost)  
  23  3:12  Probe (Chrono Boost)  
  25  3:16  Assimilator  
  25  3:22  Pylon  
  25  3:23  Probe (Chrono Boost)  
  25  3:26  Probe (Chrono Boost)  
  27  3:34  Probe (Chrono Boost)  
  28  3:37  Probe (Chrono Boost)  
  28  3:41  Photon Cannon  
  29  3:45  Probe (Chrono Boost)  
  29  3:47  Probe (Chrono Boost)  
  31  3:52  Stargate  
  31  3:56  Stargate  
  31  3:58  Pylon  
  31  4:03  Probe x2 (Chrono Boost)  
  33  4:14  Mothership Core (Chrono Boost), Probe (Chrono Boost)  
  36  4:24  Protoss Shields Level 1 (Chrono Boost), Probe (Chrono Boost)  
  37  4:33  Probe  
  37  4:36  Probe  
  39  4:40  Oracle x2  
  39  4:44  Probe  
  46  4:48  Probe  
  45  4:59  Pylon  
  45  5:19  Photon Cannon  
  45  5:21  Photon Cannon  
  45  5:27  Gateway  
  45  5:38  Photon Cannon  
  45  5:43  Pylon  
  45  6:03  Probe  
  42  6:05  Probe  
  42  6:10  Fleet Beacon  
  44  6:15  Cybernetics Core  
  44  6:20  Gateway  
  44  6:22  Photon Cannon  
  44  6:27  Pylon  
  44  6:35  Nexus  
  44  6:41  Pylon  
  44  6:43  Void Ray x2  
  52  6:51  Cybernetics Core, Protoss Air Weapons Level 1  
  52  6:57  Stargate  
  52  7:00  Stargate  
  49  7:44  Tempest x3  
  49  7:45  Tempest  
  71  8:00  Assimilator  
  71  8:02  Pylon  
  71  8:05  Pylon  
  71  8:09  Assimilator, Protoss Air Armor Level 1 (Chrono Boost)  
  71  8:22  Robotics Facility  
  71  8:24  Pylon, Probe  
  71  8:26  Probe  
  73  8:27  Probe  
  74  8:35  Probe  
  74  8:38  Probe x2  
  74  8:40  Void Ray  
  81  8:45  Void Ray, Probe  
  86  8:50  Probe  
  87  9:10  Probe x2  
  87  9:12  Probe  
  90  9:20  Void Ray x2  
  90  9:21  Probe x2  
  100  9:24  Protoss Air Weapons Level 2 (Chrono Boost)  
  100  9:33  Void Ray  
  100  9:37  Phoenix  
  106  9:55  Observer  
  107  10:02  Phoenix  
  103  10:47  Immortal  
  103  10:49  Void Ray x3  
  111  10:50  Void Ray  
  123  11:04  Twilight Council  
  123  11:06  Pylon  
  123  11:09  Gateway  
  123  11:26  Immortal  
  123  11:29  Zealot  
  123  11:30  Zealot  
  131  11:56  Tempest x4  
  124  12:50  Tempest x3  
  124  12:51  Tempest  
  139  13:36  Immortal  
Show
View Real Time Build Order
Export as new Build Order

lostchild Terran - Winner!

Build Orders: Hellion Opening, Mech 

Get SALT Encoding   

  12  0:07  SCV  
  13  0:19  SCV  
  13  0:21  Supply Depot  
  14  0:27  Refinery  
  14  0:32  SCV  
  15  0:43  Barracks  
  15  0:47  SCV  
  16  0:59  SCV  
  17  1:07  Refinery  
  17  1:11  SCV  
  18  1:23  SCV  
  19  1:33  Factory  
  19  1:35  SCV  
  19  1:39  Marine  
  21  1:47  Orbital Command  
  21  1:53  Supply Depot  
  21  2:10  Factory  
  21  2:13  Marine  
  22  2:19  Factory Reactor  
  22  2:22  SCV  
  23  2:34  SCV  
  24  2:37  Barracks Tech Lab  
  24  2:46  SCV  
  24  2:50  Supply Depot  
  25  2:57  Hellion x2  
  29  3:03  SCV  
  30  3:11  Infernal Pre-Igniter  
  30  3:15  SCV  
  30  3:18  Hellion  
  33  3:20  Hellion  
  35  3:27  SCV  
  35  3:32  Supply Depot  
  36  3:36  Hellion  
  38  3:54  Hellion  
  42  4:03  Command Center, Hellion  
  42  4:05  SCV  
  43  4:10  Hellion  
  45  4:21  Hellion  
  47  4:27  Supply Depot  
  47  4:49  Supply Depot, Hellion x2  
  33  5:20  SCV  
  34  5:23  Refinery, SCV  
  34  5:25  Hellion  
  34  5:26  Hellion x2  
  41  5:32  SCV  
  41  5:35  SCV  
  43  5:41  Factory  
  43  5:44  SCV  
  43  5:47  SCV, Hellion  
  43  5:49  Siege Tank  
  50  5:51  Hellion  
  50  5:56  SCV  
  53  5:59  SCV  
  54  6:08  SCV, Hellion  
  57  6:14  SCV  
  58  6:20  SCV  
  58  6:21  Siege Tank  
  62  6:26  SCV, Hellion  
  62  6:28  Factory Tech Lab  
  62  6:32  Refinery, SCV  
  66  6:39  SCV  
  67  6:43  Hellion  
  67  6:44  SCV  
  70  6:47  Siege Tank  
  70  6:48  Hellion  
  70  6:53  Siege Tank  
  78  6:55  Supply Depot  
  78  6:59  Supply Depot  
  78  7:04  Supply Depot  
  78  7:17  SCV, Hellion x2  
  78  7:19  Siege Tank  
  78  7:20  SCV, Armory  
  87  7:25  Siege Tank  
  90  7:31  SCV  
  90  7:32  Supply Depot  
  91  7:39  Widow Mine x2  
  91  7:42  SCV  
  91  7:43  SCV  
  97  7:51  Siege Tank  
  97  7:56  Supply Depot  
  97  7:58  Siege Tank  
  103  8:08  Widow Mine  
  103  8:10  Supply Depot  
  105  8:14  Widow Mine  
  105  8:19  Supply Depot  
  107  8:23  Siege Tank  
  110  8:30  Siege Tank  
  113  8:50  Terran Vehicle Weapons Level 1  
  113  8:51  SCV  
  113  8:52  Factory  
  114  8:55  Siege Tank  
  114  9:02  Siege Tank  
  120  9:10  Hellion  
  120  9:11  Hellion  
  120  9:15  Command Center  
  124  9:25  Supply Depot  
  124  9:27  Thor  
  130  9:46  Thor  
  122  10:20  Factory Tech Lab  
  122  10:21  Thor  
  128  10:29  Thor  
  134  10:37  SCV  
  134  10:41  Widow Mine x2  
  139  10:45  Thor  
  139  10:46  Terran Vehicle Weapons Level 2  
  139  10:49  SCV  
  146  11:00  Refinery  
  146  11:01  SCV  
  146  11:03  Thor  
  153  11:10  Widow Mine  
  153  11:54  Thor  
  157  12:12  Thor  
  157  12:33  Thor  
  147  12:44  Thor  
  147  12:45  Hellion  
  147  12:46  Hellion  
  157  12:52  Refinery  
  157  13:03  Thor  
  163  13:07  Hellion x2  
  167  13:16  Thor  
  163  13:28  Hellion x2  
  159  13:49  Hellion  
  159  13:50  Hellion  
Show
View Real Time Build Order
Export as new Build Order

NaughtyPylon Protoss - Winner!

Build Orders: Double Forge 

Get SALT Encoding   

  12  0:02  Probe (Chrono Boost)  
  13  0:21  Probe (Chrono Boost)  
  14  0:31  Probe (Chrono Boost)  
  14  0:32  Pylon  
  15  0:52  Assimilator  
  15  1:03  Gateway  
  15  1:04  Forge  
  15  1:09  Probe (Chrono Boost)  
  16  1:16  Pylon  
  16  1:19  Probe (Chrono Boost)  
  16  1:22  Assimilator  
  17  1:30  Probe (Chrono Boost)  
  18  1:40  Probe (Chrono Boost)  
  19  1:51  Probe (Chrono Boost)  
  20  1:56  Cybernetics Core  
  20  2:02  Probe (Chrono Boost)  
  21  2:10  Zealot  
  21  2:12  Probe (Chrono Boost)  
  24  2:22  Protoss Ground Weapons Level 1  
  24  2:28  Forge  
  24  2:31  Gateway  
  24  2:36  Pylon  
  24  2:41  Warp Gate (Chrono Boost)  
  24  3:18  Nexus  
  24  3:24  Protoss Ground Armor Level 1  
  24  4:08  Probe  
  25  4:20  Probe  
  26  4:29  Probe  
  27  4:32  Probe  
  28  4:40  Probe  
  28  4:42  Twilight Council  
  28  4:44  Probe  
  30  4:46  Robotics Facility  
  30  4:50  Probe  
  31  4:57  Probe  
  32  5:01  Probe  
  33  5:09  Probe  
  33  5:12  Probe  
  35  5:21  Probe  
  36  5:35  Observer  
  37  5:38  Probe x2  
  39  5:44  Assimilator  
  39  5:48  Assimilator  
  39  5:49  Probe  
  39  5:50  Probe  
  41  6:00  Probe  
  41  6:02  Probe  
  43  6:19  Probe  
  44  6:29  Probe  
  44  6:30  Stalker  
  44  6:31  Stalker  
  49  6:38  Gateway  
  49  6:40  Probe  
  49  6:41  Gateway  
  50  6:48  Photon Cannon  
  50  6:50  Photon Cannon  
  50  6:52  Photon Cannon  
  50  6:55  Photon Cannon  
  50  6:59  Gateway  
  50  7:01  Gateway  
  50  7:04  Protoss Ground Weapons Level 2, Gateway  
  50  7:05  Protoss Ground Armor Level 2  
  50  7:06  Gateway  
  50  7:11  Pylon  
  50  7:13  Probe  
  50  7:15  Pylon  
  51  7:27  Blink (Chrono Boost)  
  51  7:32  Nexus  
  51  7:36  Assimilator  
  51  7:38  Assimilator  
  51  7:48  Stalker  
  51  7:50  Stalker  
  55  7:52  Stalker x2  
  59  8:15  Stalker x2  
  59  8:16  Stalker x3  
  69  8:21  Pylon  
  69  8:23  Pylon  
  69  8:25  Pylon  
  69  8:27  Pylon  
  69  8:28  Pylon  
  69  8:49  Probe  
  70  9:00  Probe  
  71  9:10  Probe  
  72  9:21  Probe  
  72  9:23  Protoss Ground Armor Level 3, Protoss Ground Weapons Level 3  
  73  9:25  Stalker x3  
  73  9:26  Stalker x3  
  73  9:30  Stalker  
  87  9:32  Probe  
  88  9:42  Probe  
  88  9:45  Gateway  
  89  9:46  Gateway  
  89  9:52  Gateway x2  
  89  9:58  Gateway, Probe  
  90  10:00  Gateway  
  90  10:08  Probe  
  91  10:14  Observer  
  91  10:19  Stalker  
  91  10:20  Stalker x3  
  100  10:21  Stalker  
  100  10:24  Stalker  
  100  10:25  Stalker  
  106  10:59  Nexus  
  106  11:00  Pylon  
  106  11:06  Stalker x2  
  106  11:07  Stalker x2  
  106  11:08  Stalker x2  
  106  11:10  Stalker x3  
  124  11:21  Pylon  
  124  11:22  Pylon  
  124  11:24  Pylon  
  124  11:26  Pylon  
  124  11:29  Pylon  
  124  11:31  Pylon  
  124  11:43  Assimilator  
  124  11:47  Assimilator  
  124  11:50  Gateway  
  124  12:02  Probe  
  124  12:07  Probe  
  126  12:12  Probe x2  
  128  12:19  Probe  
  129  12:22  Probe  
  129  12:23  Probe  
  83  12:31  Probe  
  83  12:33  Probe x2  
  66  12:43  Probe  
  67  12:54  Probe  
  67  12:56  Stalker x2  
  67  12:57  Stalker x6  
  67  12:58  Stalker x6  
  92  12:59  Stalker  
  92  13:05  Probe  
  99  13:15  Probe  
  96  13:26  Probe  
  96  13:31  Stalker  
  96  13:32  Stalker x3  
  96  13:33  Stalker x4  
  96  13:34  Stalker  
  115  13:35  Stalker x2  
  115  13:37  Stalker  
  119  14:01  Stalker x5  
  119  14:02  Stalker x4  
  137  14:03  Stalker x5  
  137  14:04  Stalker  
Show
View Real Time Build Order
Export as new Build Order

Deadmau Terran 

Build Orders:  

Get SALT Encoding   

  12  0:11  SCV  
  13  0:24  SCV  
  14  0:29  Refinery  
  14  0:36  Supply Depot, SCV  
  15  0:57  SCV  
  15  1:02  Barracks  
  16  1:09  Barracks  
  16  1:10  SCV  
  17  1:22  Barracks  
  17  1:38  SCV  
  18  1:50  SCV  
  18  1:53  Barracks Reactor  
  19  1:56  Barracks Tech Lab  
  19  2:02  SCV  
  19  2:05  Supply Depot  
  19  2:07  Supply Depot  
  20  2:15  SCV  
  21  2:26  Barracks Reactor  
  21  2:29  Marauder  
  23  2:36  Combat Shields  
  23  2:41  Marine x2  
  25  2:45  SCV  
  25  2:50  Supply Depot  
  26  2:56  Marauder  
  28  3:00  SCV  
  29  3:06  Marine  
  29  3:08  Marine  
  31  3:18  Marine x2  
  33  3:22  Marauder  
  35  3:34  Marine x2  
  37  3:44  Marauder, Marine x2  
  41  3:52  Marine x2  
  43  4:02  Marine  
  44  4:05  Marauder  
  44  4:07  Marine  
  47  4:16  Supply Depot  
  47  4:32  Orbital Command  
  47  4:38  Marine x2  
  32  5:15  Marine x3  
  32  5:16  Marine  
  32  5:17  Marauder  
  32  5:33  Marine x2  
  32  5:39  Marauder  
  34  5:51  Command Center, Marine x2  
  36  6:00  Marauder  
  38  6:06  SCV  
  38  6:08  Factory  
  39  6:20  Marine x4  
  39  6:22  Marauder  
  45  6:43  Marauder  
  47  6:48  Command Center  
  47  6:51  SCV  
  48  7:00  Starport  
  48  7:04  SCV  
  48  7:07  SCV  
  50  7:16  SCV  
  50  7:22  SCV  
  47  7:42  SCV x2  
  49  7:53  Starport Reactor  
  49  7:54  SCV x2  
  51  8:01  Starport  
  51  8:02  SCV  
  52  8:08  Refinery  
  26  8:42  Viking x2  
  26  8:45  SCV x2  
  32  8:56  Refinery  
  32  8:57  SCV x2  
  34  9:08  Refinery  
  34  9:09  SCV  
  35  9:12  SCV  
  36  9:30  Factory  
  36  9:31  SCV x2  
  38  9:43  SCV x2  
  40  9:52  Viking  
  42  10:16  Viking  
  44  10:21  SCV x2  
  44  10:22  Starport  
  46  10:51  Supply Depot  
  46  10:57  Supply Depot  
  46  10:58  Refinery  
  46  10:59  Supply Depot  
  46  11:03  Refinery  
  46  11:04  Starport Reactor  
  46  11:06  Starport  
  46  11:12  SCV x2  
  48  11:20  Viking  
  48  11:25  SCV x2  
  52  11:37  SCV  
  53  11:41  Viking  
  55  12:00  Viking  
  57  12:02  SCV x2  
  53  12:19  Viking  
  53  12:20  Viking  
  57  12:35  Viking  
  59  12:46  Viking  
  61  12:55  Armory  
  61  12:57  Starport Tech Lab, SCV x2  
  63  13:09  SCV  
  63  13:10  SCV  
  65  13:14  Viking  
  44  13:48  Viking x4  
Show
View Real Time Build Order
Export as new Build Order

Jericho Terran 

Build Orders: MMM Bio 

Get SALT Encoding   

  12  0:01  SCV  
  13  0:14  SCV  
  14  0:21  Supply Depot  
  14  0:26  SCV  
  15  0:45  SCV, Barracks  
  16  0:57  SCV  
  17  1:09  SCV  
  18  1:22  Command Center  
  18  1:32  Orbital Command  
  18  1:40  Supply Depot  
  18  1:41  Marine  
  19  2:09  Barracks  
  19  2:11  Barracks  
  19  2:12  Barracks  
  19  2:43  SCV  
  20  2:45  Refinery  
  20  2:47  Orbital Command, Refinery  
  20  2:53  Marine  
  20  2:55  SCV  
  22  3:08  SCV  
  23  3:14  SCV  
  24  3:20  SCV  
  24  3:24  Marine x3  
  24  3:25  Marine  
  24  3:26  SCV  
  30  3:32  Supply Depot, SCV  
  31  3:38  SCV  
  32  3:43  Marine x3  
  32  3:44  Marine  
  32  3:46  SCV  
  37  3:50  SCV  
  38  3:58  SCV  
  38  4:02  SCV  
  40  4:04  Factory  
  40  4:10  SCV  
  40  4:14  SCV  
  40  4:15  Marine x4  
  46  4:33  Marine x4  
  46  4:38  Engineering Bay  
  50  4:42  Engineering Bay  
  50  4:49  Supply Depot x2  
  50  4:51  Starport, Supply Depot  
  50  4:54  Marine x4  
  44  5:08  Factory Tech Lab  
  44  5:09  Terran Infantry Armor Level 1, Terran Infantry Weapons Level 1  
  44  5:19  Barracks Tech Lab x2  
  44  5:20  Barracks Tech Lab  
  44  5:21  Barracks Tech Lab  
  44  5:28  SCV x2  
  46  5:38  Refinery  
  46  5:40  Refinery, SCV x2  
  46  5:41  Starport Reactor  
  48  5:43  Siege Tank  
  51  5:51  Armory  
  51  5:52  Missile Turret  
  51  5:56  Missile Turret, SCV x2  
  53  6:03  Stimpack  
  53  6:08  SCV x2  
  53  6:11  Combat Shields  
  55  6:12  Marine x4  
  59  6:25  Barracks  
  59  6:26  Barracks  
  59  6:27  Supply Depot  
  59  6:30  Marine  
  59  6:31  Marine x3  
  63  6:34  Medivac  
  63  6:38  Medivac  
  67  6:44  SCV  
  67  6:45  SCV  
  69  6:55  Command Center  
  69  6:57  Marauder x4, SCV x2  
  79  7:06  Terran Infantry Armor Level 2  
  79  7:09  SCV  
  80  7:18  Marine x4  
  80  7:21  Terran Infantry Weapons Level 2  
  84  7:28  Supply Depot  
  84  7:31  Supply Depot  
  84  7:35  Marine  
  84  7:36  Marine  
  86  7:49  Marine x2  
  88  8:08  Marauder  
  88  8:09  Marauder x2  
  88  8:10  Marauder  
  96  8:13  Medivac x2  
  96  8:15  Barracks Reactor x2  
  100  8:52  Medivac x2, Marine x2  
  100  8:53  Marine x3  
  100  8:54  Marine x3  
  112  8:58  Terran Vehicle And Ship Armor Level 1  
  112  9:00  Orbital Command  
  112  9:02  SCV x2  
  114  9:14  SCV x2  
  114  9:15  Supply Depot  
  114  9:16  Supply Depot  
  116  9:19  Supply Depot  
  116  9:22  Supply Depot  
  116  9:26  SCV  
  116  9:30  Missile Turret  
  117  9:36  Marine x4  
  117  9:37  Marauder x2  
  117  9:38  Marauder x2, SCV x2  
  131  9:50  SCV  
  131  9:51  SCV  
  133  10:02  SCV  
  133  10:06  Marauder x4  
  142  10:09  Terran Infantry Weapons Level 3, Terran Infantry Armor Level 3  
  142  10:26  Marine x4  
  142  10:27  Marauder  
  148  10:51  Marauder x2  
  148  10:52  Marauder  
  148  10:54  Supply Depot  
  148  10:55  Supply Depot  
  154  10:58  Supply Depot x2  
  154  11:00  Supply Depot  
  154  11:01  Medivac x2  
  154  11:02  Supply Depot  
  158  11:31  Medivac x2  
  161  11:34  Marine x2  
  161  11:35  Marine x2  
  161  11:36  Marine x3  
  161  11:37  Marine  
  169  12:00  Concussive Shells  
  169  12:01  Medivac x2  
  157  12:31  Medivac x2  
  136  12:43  Marauder x4, Marine x4  
  136  12:58  Barracks  
  136  12:59  Barracks  
  136  13:01  Medivac x2, Refinery, Barracks  
  136  13:02  Barracks  
  136  13:03  Refinery  
  139  13:28  Marine x3  
  139  13:29  Marine x5  
  147  13:46  Marine x5  
  147  13:47  Marine x3  
Show
View Real Time Build Order
Export as new Build Order

StevenSeagal Terran 

Build Orders: MMM Bio 

Get SALT Encoding   

  12  0:05  SCV  
  13  0:21  SCV  
  14  0:31  Supply Depot  
  14  0:59  Barracks  
  14  1:02  SCV  
  15  1:22  Barracks  
  15  1:25  Refinery  
  15  1:26  SCV  
  16  1:38  Refinery, SCV  
  17  1:48  Marine  
  17  1:49  Supply Depot  
  17  1:53  Orbital Command  
  18  2:10  Barracks Tech Lab  
  18  2:17  Marine  
  19  2:34  Command Center  
  19  2:36  Barracks Reactor  
  19  2:39  Marauder  
  19  2:41  Concussive Shells  
  21  2:45  SCV  
  22  2:57  SCV  
  23  3:01  Supply Depot, Marine  
  24  3:20  Marine x2  
  26  3:33  Marine  
  27  3:38  Engineering Bay, Marine  
  27  3:41  Marine, Stimpack  
  28  3:45  Factory  
  29  3:49  SCV  
  29  3:51  Marine  
  31  3:56  Marine  
  31  3:59  Marine  
  31  4:01  SCV  
  34  4:06  Refinery  
  34  4:08  Missile Turret  
  34  4:10  Marine  
  34  4:13  SCV  
  36  4:24  Missile Turret  
  36  4:25  Marine x2, SCV  
  39  4:38  SCV  
  40  4:40  Missile Turret  
  40  4:50  SCV  
  32  5:14  Marine x3  
  32  5:19  SCV  
  36  5:22  Missile Turret, Terran Infantry Weapons Level 1  
  36  5:26  Refinery  
  36  5:31  SCV  
  36  5:32  Starport, Marine x2  
  36  5:33  Factory Tech Lab  
  39  5:41  Starport, Marine  
  40  5:43  SCV  
  41  5:55  SCV, Barracks  
  42  6:11  Starport Reactor  
  42  6:16  SCV  
  43  6:18  Starport Reactor  
  43  6:24  Factory  
  43  6:25  Marine  
  44  6:28  SCV  
  44  6:29  Barracks  
  44  6:31  Combat Shields  
  45  6:41  SCV  
  45  6:42  SCV  
  48  6:54  SCV  
  48  7:02  Medivac  
  48  7:03  Medivac  
  48  7:04  Viking  
  48  7:07  Barracks Reactor  
  54  7:09  Factory Tech Lab  
  54  7:36  SCV  
  54  7:50  Orbital Command  
  54  8:11  Marine  
  54  8:36  Missile Turret  
  54  8:39  Supply Depot  
  54  9:01  Cyclone, Marine x5  
  62  9:03  Viking x2, Missile Turret, Marine, Cyclone  
  62  9:08  Supply Depot  
  70  9:10  Supply Depot  
  70  9:18  Command Center  
  70  9:26  Supply Depot  
  70  9:30  Medivac, Viking, Marine x4  
  78  9:32  Marine x2  
  78  9:35  Cyclone  
  83  9:39  Medivac  
  78  9:47  Marine x4  
  78  9:50  Marine x2  
  84  10:05  Marine x4  
  84  10:06  Missile Turret  
  88  10:07  Marine x2  
  88  10:23  Marine x4  
  88  10:25  Marine x2  
  81  10:32  Viking  
  81  10:33  Viking  
  78  10:41  Marine x4  
  82  10:43  Marine x2  
  84  10:53  Terran Infantry Armor Level 1  
  84  10:59  Marine x3  
  87  11:21  Marine x2  
  87  11:22  Marine x3  
  92  11:32  Marine  
  92  11:39  Marine  
  94  11:49  Orbital Command  
  94  11:53  Missile Turret  
  94  12:03  Medivac x2, Marine x3  
  94  12:08  Viking  
  101  12:09  Viking  
  66  12:18  Marine x2  
  66  12:19  Marine  
  66  12:21  Marine x3  
  70  12:29  Liberator x2  
  70  12:36  Marine  
  71  12:38  Missile Turret  
  77  12:53  SCV  
  77  12:56  Supply Depot  
  78  13:05  SCV  
  76  13:15  Marine x2  
  76  13:16  Marine x3  
  66  13:20  Marine  
Show
View Real Time Build Order
Export as new Build Order

Quickie Protoss 

Build Orders:  

Get SALT Encoding   

  12  0:04  Probe (Chrono Boost)  
  13  0:18  Probe (Chrono Boost)  
  14  0:29  Pylon, Probe (Chrono Boost)  
  14  0:34  Pylon  
  15  0:39  Assimilator  
  15  0:47  Probe (Chrono Boost)  
  16  0:58  Probe (Chrono Boost)  
  17  1:08  Probe (Chrono Boost)  
  18  1:11  Gateway  
  18  1:19  Probe (Chrono Boost)  
  18  1:23  Forge  
  19  1:30  Probe (Chrono Boost)  
  20  1:38  Assimilator  
  20  2:05  Nexus  
  20  2:06  Cybernetics Core  
  20  2:11  Probe (Chrono Boost)  
  21  2:21  Probe (Chrono Boost)  
  22  2:25  Protoss Shields Level 1, Pylon  
  22  2:32  Pylon  
  22  3:01  Stargate  
  22  3:08  Photon Cannon  
  22  3:12  Photon Cannon  
  22  3:15  Photon Cannon  
  22  3:23  Photon Cannon  
  22  3:35  Stargate  
  22  3:41  Pylon  
  22  3:43  Probe (Chrono Boost)  
  22  3:47  Probe (Chrono Boost)  
  24  3:54  Probe (Chrono Boost)  
  25  3:57  Probe (Chrono Boost)  
  26  4:08  Assimilator  
  26  4:16  Pylon  
  26  4:20  Pylon  
  26  4:41  Void Ray (Chrono Boost)  
  26  4:43  Void Ray (Chrono Boost)  
  34  5:19  Void Ray (Chrono Boost)  
  38  5:23  Probe  
  39  5:28  Assimilator  
  39  5:35  Photon Cannon  
  39  5:36  Probe  
  39  5:39  Photon Cannon  
  39  5:42  Photon Cannon  
  40  5:48  Void Ray (Chrono Boost), Probe  
  45  5:53  Mothership Core  
  47  6:00  Probe  
  48  6:12  Probe  
  48  6:17  Pylon  
  49  6:24  Probe  
  50  6:26  Fleet Beacon  
  50  7:04  Void Ray (Chrono Boost)  
  50  7:07  Void Ray (Chrono Boost)  
  58  7:10  Protoss Air Weapons Level 1  
  63  8:30  Photon Cannon  
  63  8:36  Photon Cannon  
  63  9:04  Void Ray (Chrono Boost)  
  73  9:10  Carrier (Chrono Boost)  
  73  9:20  Photon Cannon  
  73  9:40  Nexus  
  73  9:41  Void Ray (Chrono Boost)  
  77  10:18  Void Ray (Chrono Boost)  
  81  10:25  Carrier (Chrono Boost)  
  87  10:43  Protoss Air Weapons Level 2  
  87  10:49  Pylon  
  87  10:55  Pylon  
  87  11:05  Pylon  
  87  11:10  Photon Cannon  
  87  11:13  Photon Cannon  
  87  11:17  Photon Cannon  
  87  11:19  Photon Cannon  
  87  11:25  Photon Cannon  
  87  11:31  Photon Cannon  
  87  11:52  Twilight Council  
  55  12:43  Mothership Core  
  57  12:52  Carrier x2 (Chrono Boost)  
Tags
 
Add a new tag
Caveats
  • Supply blocks, unpowered buildings, or Contaminate may cause inaccurate times.
  • Supply counts are checked every 10 seconds.